 Dungeon Crawl Stone Soup version 0.23.2-1-ga50397a6bc (webtiles) character file.

Game seed: 10099873782846789356

242 Mrkan the Shield-Bearer (level 5, -2/45 HPs)
             Began as a Minotaur Fighter on May 25, 2019.
             Killed by nerve-wracking pain
             ... invoked by an orc priest
              (8 damage)
             ... on level 4 of the Dungeon.
             The game lasted 00:04:23 (2182 turns).

Mrkan the Shield-Bearer (Minotaur Fighter)          Turns: 2182, Time: 00:04:24

Health: -2/45      AC: 10    Str: 21    XL:     5   Next: 82%
Magic:  4/4        EV:  6    Int:  5    God:
Gold:   129        SH: 10    Dex: 10    Spells: 4/4 levels left

rFire    . . .     SeeInvis .   a - +0 flail
rCold    . . .     Gourm    .   c - +0 shield
rNeg     . . .     Faith    .   y - +0 chain mail
rPois    .         Spirit   .   (helmet restricted)
rElec    .         Reflect  .   h - +0 cloak
rCorr    .         Harm     .   (no gloves)
MR       .....                  (no boots)
Stlth    ..........             (no amulet)
HPRegen  0.15/turn              (no ring)
MPRegen  0.09/turn              (no ring)

@: about to teleport
A: retaliatory headbutt, horns 2
a: no special abilities


You were on level 4 of the Dungeon.
You were not hungry.

You visited 1 branch of the dungeon, and saw 4 of its levels.

You collected 129 gold pieces.

Inventory:

Hand Weapons
 a - a +0 flail (weapon)
Armour
 c - a +0 shield (worn)
 h - a +0 cloak (worn)
 y - a +0 chain mail (worn)
Jewellery
 j - an uncursed amulet of faith {unknown}
 r - an uncursed ring of protection from magic {unknown}
Scrolls
 g - 2 scrolls of random uselessness {unknown}
 i - a scroll of fear {unknown}
 m - 8 scrolls of identify {unknown}
 o - 3 scrolls of enchant armour {unknown}
 p - a scroll of teleportation {unknown}
 t - 4 scrolls of remove curse {unknown}
 u - 3 scrolls of immolation {unknown}
 v - a scroll of noise {unknown}
 x - a scroll of magic mapping {unknown}
Potions
 d - 2 potions of might
 e - a potion of flight {unknown}
 k - 2 potions of degeneration {unknown}
 l - a potion of cancellation {unknown}
 n - a potion of brilliance {unknown}
 q - 2 potions of agility
 s - a potion of curing {unknown}
 w - 2 potions of haste {unknown}
Comestibles
 f - 8 rations
 z - a chunk of flesh


   Skills:
 - Level 3.6 Fighting
 * Level 5.4 Maces & Flails
 - Level 3.6 Armour
 * Level 6.2 Shields


You had 4 spell levels left.
You didn't know any spells.
Your spell library was empty.

Dungeon Overview and Level Annotations

Branches:
Dungeon (4/15)
 Temple: D:4-7

Altars:


Innate Abilities, Weirdness & Mutations

You reflexively headbutt those who attack you in melee.
You have a pair of horns on your head.


Message History

You miss the orc wizard. Your headbutt misses the orc wizard.
The orc priest hits you but does no damage.
You feel strangely unstable.
The orc wizard hits you but does no damage.
You block the orc priest's attack.
You closely miss the orc wizard.
The orc priest hits you but does no damage.
Space warps horribly around you!
* * * LOW HITPOINT WARNING * * *
The orc wizard barely misses you. You block the orc priest's attack.
You hit the orc wizard. Your headbutt misses the orc wizard.
The orc wizard is moderately wounded.
You block the orc priest's attack.
The orc wizard gestures wildly while chanting.
The orc wizard blinks!
The orc priest hits you but does no damage. x2
You blink.
The orc priest calls down the wrath of Beogh upon you.
Pain shoots through your body!
You die...

#.......... .... #.........#
...# #.........##...####
#...................
#....................
#....................
#.o..o§o.............
#.....§..............
#.........@..........
#....[..............
#$........##....###
#......>..###'#####.
########.....<........
#......#..............
#......#..............
#......'...###+#############
#......#...#......#....##...


You could see 2 orc priests.

Vanquished Creatures
  A centaur (D:3)
  Crazy Yiuf (D:2)
  An orc wizard (D:3)
  A gnoll (D:1)
  An adder (D:2)
  An ooze (D:2)
  A dart slug (D:1)
  A leopard gecko (D:4)
  10 orcs
  2 ball pythons
  6 giant cockroaches
  3 goblins
  9 hobgoblins
  9 jackals
  3 bats
  2 frilled lizards (D:1)
  14 kobolds
  4 rats
70 creatures vanquished.

Notes
Turn   | Place    | Note
-------+----------+-------------------------------------------
     0 | D:1      | Mrkan the Minotaur Fighter began the quest for the Orb.
     0 | D:1      | Reached XP level 1. HP: 19/19 MP: 0/0
    82 | D:1      | Reached skill level 4 in Shields
    82 | D:1      | Reached XP level 2. HP: 18/26 MP: 1/1
   295 | D:1      | Reached XP level 3. HP: 30/31 MP: 2/2
   879 | D:2      | Found a runed translucent door.
   880 | D:2      | Noticed Crazy Yiuf
   975 | D:2      | Reached XP level 4. HP: 39/39 MP: 3/3
  1029 | D:2      | Reached skill level 5 in Shields
  1219 | D:2      | Killed Crazy Yiuf
  1281 | D:3      | Noticed a centaur
  1287 | D:3      | Killed a centaur
  1287 | D:3      | Reached skill level 5 in Maces & Flails
  1287 | D:3      | Reached XP level 5. HP: 35/45 MP: 4/4
  1575 | D:3      | Reached skill level 6 in Shields
  2182 | D:4      | Killed from afar by an orc priest

Skill      XL: |  1  2  3  4  5 |
---------------+----------------+-----
Maces & Flails | 3 4 5 |  5.4
Shields        | 4 5 6 |  6.2
Fighting       | |  3.6
Armour         | |  3.6

Action                   |  1- 3 |  4- 6 || total
-------------------------+-------+-------++-------
Melee: Flail             |   100 |    70 ||   170
       Headbutt          |    13 |    16 ||    29
  Eat: Chunk             |       |     4 ||     4
Armor: Scale mail        |    52 |    30 ||    82
       Chain mail        |       |     4 ||     4
Dodge: Dodged            |    29 |    22 ||    51
Block: Shield            |    49 |    47 ||    96
